 Dungeon Crawl Stone Soup version 0.28-a0-662-g1651b1f1e0 (webtiles) character file.

Game seed: 13211131066479074857

23727 rogsnak the Destroyer (level 13, -1/78 HPs)
             Began as a Gargoyle Hedge Wizard on Oct 14, 2021.
             Was an Elder of Sif Muna.
             Slain by Kirke (8 damage)
             ... on level 13 of the Dungeon on Oct 15, 2021.
             The game lasted 01:15:50 (23390 turns).

rogsnak the Destroyer (Gargoyle Hedge Wizard)      Turns: 23390, Time: 01:15:50

Health: -1/78      AC:  0    Str: 15    XL:     13   Next: 8%
Magic:  18/28      EV: 16    Int: 19    God:    Sif Muna [****..]
Gold:   789        SH:  0    Dex:  9    Spells: 19/34 levels left

rFire   . . .      SeeInvis .   (weapon currently unavailable)
rCold   . . .      Faith    +   (shield currently unavailable)
rNeg    + . .      Spirit   .   (armour currently unavailable)
rPois   ∞          Reflect  .   (helmet currently unavailable)
rElec   .          Harm     .   (cloak currently unavailable)
rCorr   .          Rampage  .   (gloves currently unavailable)
Will    .....                   (boots currently unavailable)
Stlth   ++........              C - amulet of faith
HPRegen 0.23/turn               (ring currently unavailable)
MPRegen 0.21/turn               (ring currently unavailable)

@: about to teleport, pig-form, very quick
A: fast, no casting, sickness immunity, AC +9, small, negative energy resistance
1, (electricity resistance), torment resistance 1, petrification resistance
a: Renounce Religion, Channel Magic, Forget Spell, Divine Exegesis


You were on level 13 of the Dungeon.
You worshipped Sif Muna.
Sif Muna was greatly pleased with you.
You were a filthy swine.
You visited 1 branch of the dungeon, and saw 13 of its levels.
You also visited: Sewer.

You collected 789 gold pieces.

Inventory:

Hand Weapons
 a - a +2 falchion of electrocution
 E - a +2 flail of holy wrath
 F - the +2 hand axe "Viach" (melded) {venom, Int+3}
   (You found it on level 4 of the Dungeon)

   It poisons the flesh of those it strikes.
   Int:       It affects your intelligence (+3).
 K - the +5 spear of Zealous Defiance {flame, rF+ rC+}
   (You found it on level 5 of the Dungeon)

   It burns those it strikes, dealing additional fire damage.
   rF:        It protects you from fire.
   rC:        It protects you from cold.
 Y - a +4 halberd of freezing
Missiles
 D - 4 throwing nets
 G - 14 poisoned darts
Armour
 c - a +0 hat (melded)
 s - a +1 pair of boots (melded)
 L - a +0 pair of gloves (melded)
 V - a +2 robe of resistance (melded)
 X - a +0 cloak of stealth (melded)
 Z - +0 acid dragon scales
Magical Staves
 e - a staff of fire
 N - a staff of earth
Jewellery
 d - an amulet of regeneration
 m - a ring of flight (melded)
 o - a ring of willpower (melded)
 r - a ring of positive energy
 C - an amulet of faith (around neck)
Wands
 y - a wand of flame (7)
 M - a wand of polymorph (5)
 Q - a wand of digging (3)
 W - a wand of mindburst (7)
Scrolls
 b - a scroll of holy word {unknown}
 f - 2 scrolls of brand weapon {unknown}
 g - 4 scrolls of teleportation
 i - 2 scrolls of fear {unknown}
 j - 2 scrolls of fog {unknown}
 k - 5 scrolls of enchant armour
 q - 6 scrolls of identify
 u - 2 scrolls of noise {unknown}
 v - 3 scrolls of immolation {unknown}
 w - a scroll of vulnerability {unknown}
 x - 2 scrolls of enchant weapon {unknown}
 B - 3 scrolls of blinking {unknown}
 J - 2 scrolls of torment {unknown}
 P - a scroll of magic mapping {unknown}
 T - 6 scrolls of amnesia {unknown}
 U - a scroll of silence
Potions
 h - 3 potions of berserk rage {unknown}
 l - 2 potions of brilliance
 n - 2 potions of degeneration {unknown}
 p - 7 potions of flight
 t - 5 potions of lignification {unknown}
 z - 2 potions of attraction {unknown}
 A - a potion of cancellation {unknown}
 I - 6 potions of curing
 O - a potion of haste {unknown}
 R - 2 potions of might {unknown}
 S - a potion of magic {unknown}


   Skills:
 + Level 7.8 Fighting
 - Level 1.8 Long Blades
 + Level 7.5 Dodging
 - Level 2.3 Stealth
 + Level 11.0 Spellcasting
 + Level 11.0 Conjurations
 - Level 0.8 Summonings
 + Level 1.1 Translocations
 + Level 8.9 Air Magic


You had 19 spell levels left.
You knew the following spells:

 Your Spells              Type           Power      Damage    Failure   Level
a - Magic Dart            Conj           100%       1d8       1%          1
b - Blink                 Tloc           N/A        N/A       6%          2
c - Mephitic Cloud        Conj/Pois/Air  35%        N/A       1%          3
d - Airstrike             Air            22%        N/A       1%          4
e - Lightning Bolt        Conj/Air       24%        1d39      3%          5

Your spell library contained the following spells:

 Spells                   Type           Power      Damage    Failure   Level
 Corpse Rot               Necr/Air       N/A        N/A       1%          2
 Poisonous Vapours        Pois/Air       54%        N/A       1%          2
 Static Discharge         Conj/Air       48%        N/A       1%          2
 Conjure Flame            Conj/Fire      31%        6-21      1%          3
 Call Imp                 Summ           13%        N/A       7%          2
 Sticky Flame             Conj/Fire      31%        2d5       7%          4
 Summon Lightning Spire   Summ/Air       29%        N/A       9%          4
 Passwall                 Tmut/Erth      8%         N/A       10%         2
 Slow                     Hex            10%        N/A       10%         2
 Ignite Poison            Fire/Tmut/Pois 10%        N/A       21%         3
 Manifold Assault         Tloc           14%        N/A       75%         5
 Storm Form               Tmut/Air       13%        N/A       100%        7
 Maxwell's Capacitive Co  Air            22%        ∞         100%        8


Dungeon Overview and Level Annotations

Branches:
Dungeon (13/15)            Temple (0/1) D:7            Lair (0/6) D:9
    Orc (0/2) D:11          Sewer (visited)
 Vaults: D:13-14

Altars:
Dithmenos
Elyvilon
Fedhas
Hepliaklqana
Makhleb
Nemelex Xobeh
Sif Muna
Trog
Uskayaw
Vehumet
Wu Jian
Xom
Zin
The Shining One

Annotations:
D:10 4 runed translucent doors
D:12 2 runed translucent doors
D:13 Kirke


Innate Abilities, Weirdness & Mutations

You are a filthy swine.
You move quickly.
Your equipment is almost entirely melded.
You are incapable of wielding weapons or throwing items.
You cannot cast spells.
You are immune to sickness and miasma.
((Your stone body is resilient. (AC +9)))
You are immune to poison.
You resist negative energy. (rN+)
((You are resistant to electric shocks. (rElec)))
You are resistant to unholy torment.
You are immune to petrification.


Message History

The fire bat closely misses you. Kirke hits you.
* * * LOW HITPOINT WARNING * * *
The fire bat bites you.
* * * LOW HITPOINT WARNING * * *
You are engulfed in flames!
* * * LOW HITPOINT WARNING * * *
You feel much better. The fire bat bites you.
You are engulfed in flames!
* * * LOW HITPOINT WARNING * * *
Kirke hits you.
* * * LOW HITPOINT WARNING * * *
The fire bat closely misses you.
Unknown command.
Aiming: Polymorph
Press: ? - help, Shift-Dir - straight line, f/p - Kirke
Aim: Kirke (severely wounded, will become a white draconian, a seven-headed hydra, or a fenstrider witch, chance to affect: 1%)
Okay, then.
Aiming: Mindburst
Press: ? - help, Shift-Dir - straight line, f/p - Kirke
Aim: Kirke (severely wounded, chance to affect: 7%)
Okay, then.
Okay, then.
Press: ? - help, v - describe, . - travel
Here: Kirke (severely wounded)
The floor, spattered with blood.
Bite: -) Teeth
Press: ? - help, Dir - move target, f - hog, p - Kirke
Aim: a hog (moderately wounded, about 34% to evade your front trotters)
Your weapon can't reach that far!
Okay, then.
Bite: -) Teeth
Press: ? - help, Dir - move target, f/p - Kirke
Aim: Kirke (severely wounded, about 37% to evade your front trotters)
You bite Kirke!
Kirke is severely wounded.
The fire bat closely misses you. The fire bat bites you.
* * * LOW HITPOINT WARNING * * *
You are engulfed in flames.
* * * LOW HITPOINT WARNING * * *
Kirke hits you!
You die...

################
.h...h...h.....#
#.##.#########h#
..##.# #b#
###... #.#
..@... #b#
###.... ##h##
##.#$ ##h#@##
#.#.# ##h###h##
.# ##.## ##b##
.# #b## ##u# .#
##.## ##.## ###
.# ##b###.##
#.##.# ##b#.##
.#...# # ##.##
###.##.# #b# #
##...# #.#


You could see Kirke, a purple ugly thing, a hog and 2 fire bats.

Vanquished Creatures
  Harold (D:11)
  A boulder beetle (D:10)
  Erica (D:9)
  6 two-headed ogres
  A fire crab (D:12)
  2 skeletal warriors (D:9)
  Pikel (D:6)
  An ugly thing (D:11)
  A deep elf pyromancer (D:13)
  2 cyclopes
  A manticore (D:11)
  Maurice (D:9)
  A gargoyle (D:10)
  Psyche (D:9)
  2 komodo dragons
  A kobold demonologist (D:11)
  6 trolls
  A hornet (D:10)
  4 shadows
  2 wyverns
  A vampire (D:10)
  2 fire bats (D:13)
  A steam dragon (D:10)
  Grum (D:8)
  20 yaks
  2 hogs (D:13)
  2 acid dragons (D:12)
  A hornet zombie (D:9)
  3 water moccasins
  8 orc warriors
  Duvessa (D:7)
  A swamp drake (D:12)
  An ice beast (D:6)
  2 sky beasts
  A black bear (D:4)
  6 wolves
  A centaur (D:6)
  2 ogres
  A boggart (D:12)
  A phantom (D:6)
  3 lemures (D:6)
  2 kobold brigands
  5 bullfrogs (D:8)
  3 scorpions
  Dowan (D:7)
  A wyvern skeleton (D:7)
  A troll zombie (D:11)
  3 killer bees (D:9)
  11 wights
  5 electric eels (D:9)
  A howler monkey (D:7)
  2 jellies
  4 centaur zombies
  6 hounds
  A gnoll shaman (D:5)
  4 orc priests
  A centaur skeleton (D:6)
  Natasha (thrice) (D:2)
  An iguana (D:4)
  16 orc wizards
  A killer bee zombie (D:6)
  5 ogre zombies (D:11)
  A hound skeleton (D:4)
  14 gnolls
  5 river rats
  12 adders
  2 white imps
  An ufetubus (D:7)
  A worm (D:3)
  A dart slug (D:3)
  35 orcs
  5 bats
  8 endoplasms
  5 giant cockroaches
  6 goblins
  4 hobgoblins
  4 jackals
  5 quokkas
  7 ball pythons
  2 frilled lizards (D:1)
  3 goblin zombies (D:11)
  A hobgoblin skeleton (D:11)
  A jackal skeleton (D:4)
  21 kobolds
  4 orc skeletons (D:11)
  11 orc zombies (D:11)
  12 rats
346 creatures vanquished.

Vanquished Creatures (collateral kills)
  A rat (D:5)
1 creature vanquished.

Vanquished Creatures (others)
  A manticore (D:13)
  A hobgoblin (D:2)
  4 fungi (D:8)
  16 plants
22 creatures vanquished.

Grand Total: 369 creatures vanquished

Notes
Turn   | Place    | Note
-------+----------+-------------------------------------------
     0 | D:1      | rogsnak the Gargoyle Hedge Wizard began the quest for the
                  | Orb.
     0 | D:1      | Reached XP level 1. HP: 10/10 MP: 4/4
   270 | D:1      | Reached XP level 2. HP: 15/15 MP: 1/6
   554 | D:1      | Reached XP level 3. HP: 18/19 MP: 1/8
  1366 | D:2      | Found a faded altar of an unknown god.
  1481 | D:2      | Noticed Natasha
  1495 | D:2      | Killed Natasha
  1496 | D:2      | Reached XP level 4. HP: 22/24 MP: 1/10
  1499 | D:2      | Learned a level 2 spell: Blink
  1503 | D:2      | Learned a level 3 spell: Mephitic Cloud
  1820 | D:2      | Noticed Natasha
  1877 | D:2      | Killed Natasha
  1878 | D:2      | Reached XP level 5. HP: 3/28 MP: 0/11
  1895 | D:2      | Noticed Natasha
  2492 | D:2      | Killed Natasha
  3033 | D:3      | Found a white marble altar of Elyvilon.
  3663 | D:3      | Reached skill level 1 in Translocations
  3771 | D:3      | Reached skill level 1 in Fighting
  3771 | D:3      | Reached XP level 6. HP: 31/34 MP: 1/13
  4106 | D:3      | Found a glowing silver altar of Zin.
  4328 | D:3      | Reached skill level 5 in Spellcasting
  4651 | D:4      | Noticed a black bear
  4676 | D:4      | Killed a black bear
  4677 | D:4      | Reached XP level 7. HP: 38/38 MP: 6/15
  5063 | D:4      | Identified the +2 hand axe "Viach" {venom, Int+3}
  5548 | D:5      | Entered Level 5 of the Dungeon
  5555 | D:5      | Found a glowing drain.
  5576 | Sewer    | Entered a sewer
  5973 | Sewer    | Found a white marble altar of Elyvilon.
  6024 | D:5      | Reached skill level 1 in Air Magic
  6183 | D:5      | Found a glowing golden altar of the Shining One.
  6509 | D:5      | Reached XP level 8. HP: 32/45 MP: 3/16
  6750 | D:5      | Identified the +5 spear of Zealous Defiance {flame, rF+
                  | rC+}
  6905 | D:4      | Reached skill level 5 in Conjurations
  7259 | D:5      | Found a radiant altar of Vehumet.
  7292 | D:6      | Noticed Pikel
  7326 | D:6      | Killed Pikel
  7327 | D:6      | Reached XP level 9. HP: 22/52 MP: 13/19
  7767 | D:6      | Found a shimmering blue altar of Sif Muna.
  7788 | D:6      | Got Sif Muna's Grimoire of the Mountains
  7790 | D:6      | Became a worshipper of Sif Muna the Loreminder
  7996 | D:6      | Found a bloodstained altar of Trog.
  8377 | D:6      | Found a shimmering altar of Xom.
  8655 | D:6      | Reached skill level 5 in Dodging
  8739 | D:7      | Noticed Duvessa
  8742 | D:7      | Noticed Dowan
  8755 | D:7      | Killed Duvessa
  8756 | D:7      | Reached skill level 5 in Fighting
  8768 | D:7      | Killed Dowan
  8980 | D:7      | Found a sparkling altar of Nemelex Xobeh.
  9485 | D:7      | Learned a level 4 spell: Airstrike
  9485 | D:7      | Upgraded the game from 0.28-a0-657-g71136c5590 to
                  | 0.28-a0-662-g1651b1f1e0
  9867 | D:7      | Found a staircase to the Ecumenical Temple.
  9961 | D:8      | Found an ornate altar of the Wu Jian Council.
 10040 | D:8      | Noticed Grum
 10221 | D:8      | Reached * piety under Sif Muna
 10222 | D:8      | Reached XP level 10. HP: 54/59 MP: 13/21
 10997 | D:8      | Killed Grum
 11526 | D:9      | Noticed Maurice
 11566 | D:9      | Killed Maurice
 11926 | D:9      | Noticed Erica
 11970 | D:9      | Killed Erica
 12390 | D:9      | Noticed Psyche
 12410 | D:9      | Killed Psyche
 12506 | D:9      | Reached ** piety under Sif Muna
 12859 | D:9      | Found a staircase to the Lair.
 12991 | D:9      | Reached XP level 11. HP: 57/66 MP: 17/23
 13061 | D:9      | Noticed a two-headed ogre
 13277 | D:9      | Found a hazy altar of Hepliaklqana.
 13279 | D:9      | Found a shadowy altar of Dithmenos.
 13295 | D:9      | Killed a two-headed ogre
 13296 | D:9      | Reached skill level 1 in Long Blades
 13969 | D:9      | Reached skill level 5 in Air Magic
 14340 | D:10     | Entered Level 10 of the Dungeon
 14367 | D:10     | Reached *** piety under Sif Muna
 14500 | D:10     | Found a large runed translucent door.
 14500 | D:10     | Found a large runed translucent door.
 14505 | D:10     | Noticed a skeletal warrior
 14505 | D:10     | Noticed a centaur warrior
 14512 | D:10     | Found a large runed translucent door.
 14512 | D:10     | Found a large runed translucent door.
 14529 | D:10     | Noticed a two-headed ogre
 14565 | D:10     | Killed a two-headed ogre
 14765 | D:10     | Found a blossoming altar of Fedhas.
 14836 | D:10     | Learned a level 5 spell: Lightning Bolt
 14878 | D:10     | Noticed a cyclops
 15411 | D:10     | Killed a cyclops
 15427 | D:10     | Found a burning altar of Makhleb.
 15430 | D:10     | Found a hide-covered altar of Uskayaw.
 15441 | D:10     | Noticed a two-headed ogre
 15458 | D:10     | Killed a two-headed ogre
 15862 | D:10     | Reached skill level 10 in Conjurations
 15870 | D:10     | Noticed a boulder beetle
 16438 | D:10     | Killed a boulder beetle
 16778 | D:10     | Reached XP level 12. HP: 72/72 MP: 19/25
 17086 | D:11     | Noticed Harold
 18611 | D:11     | Noticed a two-headed ogre
 18618 | D:11     | Killed a two-headed ogre
 18701 | D:11     | Identified the +0 leather armour of Responsibility {+Inv
                  | rF- Stlth+}
 19313 | D:11     | Reached skill level 10 in Spellcasting
 19738 | D:11     | Reached **** piety under Sif Muna
 19889 | D:11     | Noticed a two-headed ogre
 19930 | D:11     | Killed Harold
 20991 | D:11     | Found a staircase to the Orcish Mines.
 21332 | D:11     | Killed a two-headed ogre
 22825 | D:12     | Noticed a two-headed ogre
 22842 | D:12     | Killed a two-headed ogre
 22991 | D:12     | Found a runed translucent door.
 22992 | D:12     | Noticed a war gargoyle
 22992 | D:12     | Noticed an ogre mage
 22993 | D:12     | Noticed a death knight
 22994 | D:12     | Noticed a fire giant
 22995 | D:12     | Found a runed translucent door.
 23032 | D:12     | Reached XP level 13. HP: 78/78 MP: 3/27
 23349 | D:13     | Noticed Kirke
 23388 | D:13     | HP: 3/78 [fire bat (8)]
 23390 | D:13     | Slain by Kirke

Illustrated notes

Levels and vault maps discovered:
D:1:      dpeg_arrival_ternary, layout_basic, lexackson_kobold_supper
D:2:      layout_basic, ebering_ecumenical_altar_hall, uniq_natasha
D:3:      layout_loops_corners, elyvilon_altar_4, zin_treasury, serial_glass,
          glass_columns_a, glass_columns_c, feat_on_display,
          minmay_strange_pillars, minmay_strange_pillars
D:4:      layout_basic
D:5:      layout_rooms, mainiacjoe_overflow_six_doors_small,
          portal_sewer_entry_b, kennysheep_flooded_box
D:6:      layout_loops_ring, nzn_overflow_gifts_of_might_and_magic, tgw_xom,
          uniq_pikel
D:7:      layout_loops_ring, mainiacjoe_overflow_brackets,
          minmay_temple_entry_glassed_door, uniq_duvessa
D:8:      layout_gridville, mainiacjoe_overflow_boulevard, uniq_grum
D:9:      layout_stronghold, riverfiend_overflow_shadow_ancestor,
          erik_lair_island, serial_bayou_ford_a, dk_rats_in_the_wall,
          uniq_maurice, uniq_erica, uniq_psyche
D:10:     layout_cave_pools, chequers_temple_overflow_statue_of_worship,
          fedhas_altar_4, abandoned_shop, minmay_hollow_rounded_squares
D:11:     layout_loops_ring, zombieorc1_lemuel, grunt_ministairs_5, uniq_harold
D:12:     minmay_expanding_circles, layout_stronghold
D:13:     minmay_firetagon, layout_loops_ring, serial_shops,
          nicolae_shop_crystal, uniq_azrael, uniq_kirke, uniq_snorg, uniq_sonja

Skill      XL: |  1  2  3  4  5  6  7  8  9 10 11 12 13 |
---------------+----------------------------------------+-----
Spellcasting   | 4 5 6 7 8 9 10 11 | 11.0
Conjurations   | 2 3 4 5 7 9 10 11 | 11.0
Dodging        | 2 3 4 5 6 7 |  7.5
Translocations | 1 |  1.1
Fighting       | 1 2 4 5 6 7 |  7.8
Air Magic      | 1 2 3 4 6 8 |  8.9
Long Blades    | 1 |  1.8
Stealth        | |  2.3
Summonings     | |  0.8

Action                   |  1- 3 |  4- 6 |  7- 9 | 10-12 | 13-15 || total
-------------------------+-------+-------+-------+-------+-------++-------
Melee: Dagger            |    63 |   155 |    65 |    29 |       ||   312
       Hand axe          |       |       |   240 |   352 |     6 ||   598
       Spear             |       |       |    66 |   251 |    11 ||   328
       Scimitar          |       |       |       |    18 |       ||    18
       Falchion          |       |       |       |    18 |       ||    18
       Flail             |       |       |       |     4 |       ||     4
       Unarmed           |       |       |       |       |     2 ||     2
 Cast: Magic Dart        |    58 |    71 |    48 |    54 |       ||   231
       Mephitic Cloud    |       |     6 |    28 |   110 |     5 ||   149
       Blink             |       |     1 |     3 |     5 |     2 ||    11
       Airstrike         |       |       |       |    86 |       ||    86
       Lightning Bolt    |       |       |       |    40 |       ||    40
Evoke: Wand              |       |       |       |     2 |       ||     2
  Use: Potion            |       |       |     1 |       |     3 ||     4
       Scroll            |       |       |       |       |     3 ||     3
 Stab: Confused          |       |     3 |     6 |    31 |     1 ||    41
       Sleeping          |       |     2 |     1 |     1 |       ||     4
Armor: Robe              |    21 |    59 |   144 |   253 |    26 ||   503
Dodge: Dodged            |    43 |    99 |   243 |   372 |    44 ||   801

Table legend: (Time is in decaauts)
 A = Elapsed time spent in this place.
 B = Non-inter-level travel time spent in this place.
 C = Inter-level travel time spent in this place.
 D = Time resting spent in this place.
 E = Time spent auto-exploring this place.
 F = Levels seen in this place.
 G = Mean time per level.
                   A        B        C        D        E       F      G
               +--------+--------+--------+--------+--------+-----+--------+
         Total |  23622 |  23264 |    358 |   6157 |  11366 |  14 | 1687.3 |
       Dungeon |  23184 |  22826 |    358 |   5934 |  11252 |  13 | 1783.4 |
         Sewer |    438 |    438 |      0 |    223 |    114 |   1 |  438.0 |
               +--------+--------+--------+--------+--------+-----+--------+

Top non-repeatable levels by time:
     D:9: 4306 daAuts
    D:10: 4094 daAuts
    D:11: 1921 daAuts
     D:3: 1684 daAuts
     D:8: 1666 daAuts
     D:5: 1431 daAuts
     D:1: 1379 daAuts
     D:7: 1378 daAuts
    D:12: 1343 daAuts
     D:2: 1326 daAuts
     D:6: 1284 daAuts
     D:4: 1208 daAuts
   Sewer: 438 daAuts
    D:13: 159 daAuts
